Map: Jagannatha LE

Players

EnDerr

  • Race: Zerg Zerg

Ranger - Winner!

  • Race: Protoss Protoss
  • League: Grandmaster

Event: DreamHack SC2 Masters 2021 Summer

VOD

Have the link to the VOD?

Description

Time

  • Played on: May 19, 2021, 5:14 a.m.
  • Length: 13:56

All games in this series

Show
View Real Time Build Order
Export as new Build Order

EnDerr Zerg 

Build Orders: Pool First, Brood Lord Corruptor 

Get SALT Encoding   

  12  0:17  Spawning Pool  
  11  0:22  Drone  
  11  0:27  Drone  
  13  0:32  Drone  
  14  0:58  Overlord  
  14  1:04  Hatchery  
  14  1:08  Zergling x2  
  14  1:17  Drone x2  
  16  1:29  Queen  
  18  1:35  Drone x2  
  20  1:42  Drone  
  20  1:44  Extractor  
  20  1:54  Drone  
  21  2:08  Drone  
  22  2:15  Queen  
  22  2:20  Drone x2  
  26  2:26  Overlord  
  26  2:29  Drone  
  27  2:40  Drone  
  27  2:45  Drone x2  
  27  2:46  Drone  
  27  2:48  Metabolic Boost  
  30  3:00  Zergling x4  
  30  3:01  Hatchery  
  30  3:02  Zergling x2  
  32  3:11  Overlord  
  32  3:14  Drone  
  32  3:15  Spore Crawler  
  32  3:19  Spore Crawler  
  31  3:21  Drone x2  
  31  3:26  Spore Crawler  
  33  3:27  Drone  
  33  3:30  Drone  
  33  3:31  Drone  
  36  3:35  Overlord  
  36  3:38  Drone  
  37  3:42  Zergling x2  
  37  3:43  Zergling x2  
  39  3:57  Drone x5  
  39  4:02  Drone  
  45  4:06  Drone x2  
  47  4:12  Queen  
  47  4:13  Queen  
  51  4:23  Drone  
  51  4:24  Drone x4  
  54  4:28  Queen  
  56  4:32  Spore Crawler  
  56  4:35  Overlord  
  56  4:37  Drone  
  56  4:38  Drone x2  
  58  4:43  Overlord  
  58  4:44  Overlord  
  58  4:48  Drone  
  58  4:54  Roach Warren  
  58  4:59  Evolution Chamber  
  56  5:00  Drone x4  
  60  5:07  Overlord  
  60  5:09  Zergling x4  
  60  5:10  Lair  
  60  5:14  Drone x3  
  63  5:24  Drone  
  63  5:25  Drone x3  
  63  5:27  Zergling x4  
  67  5:30  Zerg Missile Weapons Level 1  
  67  5:31  Drone  
  67  5:32  Drone x3, Extractor  
  67  5:33  Extractor  
  69  5:39  Drone  
  69  5:40  Drone x4  
  74  5:44  Overlord  
  74  5:53  Extractor  
  74  5:54  Extractor x2  
  74  5:55  Overlord  
  74  5:56  Overlord x2  
  71  6:08  Overlord  
  71  6:11  Glial Reconstitution  
  68  6:16  Drone x2  
  68  6:17  Drone x4  
  68  6:18  Drone x3  
  77  6:25  Drone  
  77  6:28  Roach x4  
  86  6:33  Hatchery, Spire  
  82  6:40  Drone x2  
  82  6:47  Roach x7  
  97  6:56  Pneumatized Carapace  
  97  6:57  Overlord x2  
  97  6:58  Roach  
  99  7:02  Roach x3  
  99  7:07  Roach x2  
  110  7:08  Roach  
  110  7:10  Roach  
  110  7:20  Drone x3  
  110  7:21  Drone x3  
  116  7:25  Zerg Melee Weapons Level 1  
  116  7:26  Overlord  
  116  7:34  Extractor  
  116  7:35  Extractor  
  116  7:36  Zergling x14  
  121  7:39  Ravager x3  
  124  7:52  Zergling x10, Infestation Pit  
  124  7:58  Spine Crawler  
  126  8:01  Spore Crawler  
  126  8:04  Mutalisk x4  
  134  8:11  Drone x3  
  134  8:12  Drone x3  
  140  8:13  Drone x3  
  143  8:26  Overlord  
  143  8:28  Ravager x5  
  143  8:31  Hatchery  
  143  8:32  Zergling x2  
  143  8:33  Zergling x8  
  152  8:35  Hive  
  152  8:38  Overlord x2  
  152  8:47  Zergling x16  
  160  8:50  Overlord  
  160  8:52  Overlord  
  157  9:11  Drone x3, Overlord x2  
  157  9:14  Zergling x2  
  157  9:15  Ravager, Zergling x14  
  157  9:16  Ravager x2  
  172  9:17  Zergling x16  
  172  9:21  Zergling x2  
  180  9:30  Zerg Melee Weapons Level 2  
  178  9:31  Evolution Chamber  
  178  9:32  Zergling x2  
  177  9:46  Drone x4  
  177  9:47  Drone  
  178  9:55  Greater Spire, Adrenal Glands  
  168  10:00  Zergling x16, Spore Crawler  
  168  10:01  Spine Crawler, Zergling x18  
  172  10:17  Zerg Ground Armor Level 1  
  163  10:26  Corruptor x3  
  163  10:27  Corruptor x2  
  173  10:33  Zergling x26  
  177  10:38  Zergling x2  
  172  10:43  Zergling x2  
  172  10:44  Zergling x2  
  172  10:46  Zergling x2  
  153  11:00  Spine Crawler x2  
  153  11:01  Spine Crawler  
  146  11:08  Brood Lord x2  
  146  11:09  Brood Lord x3  
  146  11:10  Zergling x6  
  138  11:17  Zergling x2  
  138  11:18  Zergling x12  
  143  11:20  Corruptor x3  
  148  11:32  Corruptor x2  
  128  11:49  Corruptor x2  
  128  11:51  Zergling x28  
  128  11:52  Zergling x2  
  144  11:57  Brood Lord  
  146  12:05  Drone  
  146  12:08  Drone x2  
  149  12:12  Brood Lord x3  
  151  12:17  Brood Lord  
  152  12:26  Infestor x2  
  152  12:27  Infestor  
  156  12:32  Zergling x16  
  157  12:37  Brood Lord  
  158  12:45  Brood Lord  
  157  12:58  Zergling x18  
  107  13:08  Zergling x2  
  107  13:09  Zergling x18  
  107  13:12  Zergling x4  
  111  13:25  Zergling x4  
Show
View Real Time Build Order
Export as new Build Order

Ranger Protoss - Winner!

Build Orders: 1 Gate Expand, Oracle Opening 

Get SALT Encoding   

  12  0:00  Probe  
  13  0:12  Probe  
  14  0:20  Pylon  
  14  0:24  Probe  
  15  0:38  Probe (Chrono Boost)  
  16  0:43  Gateway  
  16  0:49  Probe (Chrono Boost)  
  17  0:50  Assimilator  
  17  0:53  Probe (Chrono Boost)  
  18  1:04  Probe  
  19  1:17  Probe  
  20  1:27  Nexus  
  20  1:36  Cybernetics Core  
  20  1:43  Probe  
  21  1:48  Assimilator  
  21  1:55  Probe  
  21  1:58  Pylon  
  22  2:01  Pylon  
  22  2:07  Probe  
  23  2:14  Adept (Chrono Boost)  
  23  2:15  Warp Gate  
  23  2:19  Probe  
  26  2:32  Probe  
  27  2:37  Stargate  
  27  2:42  Probe (Chrono Boost), Adept (Chrono Boost)  
  31  2:53  Probe (Chrono Boost)  
  31  2:54  Probe (Chrono Boost)  
  32  3:02  Probe  
  32  3:05  Stalker  
  33  3:06  Probe  
  36  3:14  Probe  
  37  3:20  Oracle (Chrono Boost)  
  37  3:22  Probe  
  37  3:26  Probe  
  40  3:32  Gateway  
  40  3:35  Probe  
  40  3:37  Shield Battery  
  40  3:39  Probe  
  42  3:48  Probe, Adept  
  43  3:50  Oracle  
  43  3:51  Probe  
  43  3:54  Assimilator  
  49  3:56  Assimilator  
  49  4:00  Probe  
  50  4:03  Probe  
  50  4:06  Pylon  
  51  4:12  Probe, Twilight Council  
  51  4:15  Probe  
  53  4:24  Probe  
  53  4:27  Pylon  
  53  4:29  Probe  
  54  4:42  Pylon  
  54  4:45  Probe  
  55  4:50  Nexus  
  55  4:51  Pylon  
  56  4:52  Probe  
  56  4:56  Robotics Facility  
  56  4:57  Probe  
  56  4:59  Sentry  
  59  5:02  Gateway  
  59  5:04  Gateway  
  59  5:08  Probe (Chrono Boost)  
  59  5:09  Forge  
  59  5:11  Shield Battery  
  59  5:12  Charge (Chrono Boost)  
  59  5:14  Probe (Chrono Boost)  
  61  5:21  Zealot  
  61  5:23  Zealot  
  61  5:25  Probe (Chrono Boost)  
  61  5:26  Probe (Chrono Boost)  
  67  5:34  Probe  
  67  5:35  Pylon  
  68  5:40  Probe  
  69  5:43  Stalker x2  
  69  5:46  Probe  
  69  5:48  Observer (Chrono Boost), Robotics Bay  
  75  5:52  Probe  
  75  5:54  Protoss Ground Weapons Level 1  
  76  6:01  Probe (Chrono Boost)  
  76  6:02  Probe (Chrono Boost)  
  76  6:03  Zealot x2  
  82  6:05  Probe (Chrono Boost)  
  84  6:13  Immortal (Chrono Boost)  
  84  6:15  Probe (Chrono Boost)  
  84  6:16  Gateway  
  88  6:21  Gateway  
  88  6:22  Probe  
  88  6:23  Probe  
  88  6:24  Probe  
  91  6:28  Sentry x2  
  91  6:29  Sentry  
  91  6:32  Pylon  
  97  6:40  Probe  
  97  6:41  Probe  
  97  6:43  Assimilator  
  97  6:45  Assimilator  
  99  6:47  Robotics Facility  
  99  6:49  Warp Prism (Chrono Boost)  
  99  6:50  Probe, Blink (Chrono Boost)  
  102  7:04  Pylon  
  102  7:05  Zealot x3  
  102  7:07  Probe  
  109  7:19  Photon Cannon  
  109  7:22  Probe x2, Disruptor (Chrono Boost)  
  114  7:24  Probe, Gateway x2  
  114  7:26  Photon Cannon  
  115  7:33  Nexus  
  115  7:41  Probe x2, Pylon  
  117  7:50  Zealot  
  117  7:58  Shield Battery  
  117  7:59  Disruptor x2  
  117  8:00  Shield Battery  
  117  8:01  Photon Cannon  
  117  8:02  Stalker x2  
  121  8:09  Stalker  
  121  8:10  Stalker  
  125  8:13  Protoss Ground Weapons Level 2  
  125  8:26  Pylon  
  125  8:28  Pylon  
  125  8:30  Pylon  
  125  8:33  Photon Cannon  
  125  8:36  Templar Archives  
  125  8:44  Photon Cannon, Disruptor x2 (Chrono Boost)  
  125  8:47  Photon Cannon, Shield Battery x2  
  129  8:49  Photon Cannon  
  129  8:52  Pylon  
  129  9:03  Stalker x4  
  129  9:04  Stalker  
  129  9:09  Probe x3  
  143  9:10  Probe  
  143  9:15  Stalker x2  
  147  9:17  Stalker  
  147  9:19  Pylon  
  149  9:24  Extended Thermal Lance  
  152  9:34  Colossus x2 (Chrono Boost)  
  158  9:40  Shield Battery  
  158  9:42  High Templar  
  158  9:43  High Templar, Zealot x2  
  166  9:47  Assimilator  
  166  9:49  Archon  
  166  9:50  Zealot x2  
  166  9:52  Zealot  
  172  9:53  Assimilator  
  166  10:00  Zealot  
  166  10:01  Photon Cannon  
  162  10:19  Zealot x7  
  162  10:20  Zealot  
  178  10:23  Probe x2  
  178  10:26  Photon Cannon  
  178  10:28  Photon Cannon  
  180  10:33  Probe, Photon Cannon  
  180  10:34  Photon Cannon  
  177  10:35  Pylon  
  177  10:40  Pylon  
  177  10:42  Zealot x3  
  176  10:43  Probe x2  
  176  10:48  Zealot  
  169  10:53  Zealot x3  
  169  10:56  Probe  
  169  10:57  Probe  
  173  10:58  High Templar  
  173  11:01  Gateway  
  165  11:09  Stalker x3  
  165  11:10  Probe  
  169  11:22  Disruptor  
  169  11:23  Colossus  
  169  11:24  Psionic Storm  
  178  11:26  Stalker x2  
  182  11:35  High Templar x2  
  182  11:36  High Templar x2  
  182  11:37  High Templar x2  
  173  11:54  Nexus  
  173  11:57  Pylon  
  173  11:59  Stargate  
  173  12:01  Stalker x2  
  173  12:02  Fleet Beacon  
  177  12:15  Warp Prism (Chrono Boost)  
  177  12:19  Phoenix  
  177  12:20  Observer (Chrono Boost)  
  180  12:23  Photon Cannon  
  180  12:26  Photon Cannon, Zealot x5  
  180  12:29  Pylon  
  189  12:39  Zealot x3  
  191  12:47  Zealot  
  157  13:11  Stalker x8  
  155  13:18  Probe x2  
  151  13:29  Probe  
  151  13:30  Probe  
  151  13:31  Probe x2  
  153  13:34  Stalker x4  
  153  13:35  Stalker x5  
  165  13:52  Archon x3  
Tags
 
Add a new tag
Caveats
  • Supply blocks, unpowered buildings, or Contaminate may cause inaccurate times.
  • Supply counts are checked every 10 seconds.